 Dungeon Crawl Stone Soup version 0.25.0-9-g26727b657a (webtiles) character file.

Game seed: 9884927214654768789

5310 gruber the Whirler (level 10, 0/60 HPs)
             Began as a Halfling Hunter on June 16, 2020.
             Was a Believer of Okawaru.
             Killed from afar by an orc wizard (6 damage)
             ... with a puff of frost
             ... on level 8 of the Dungeon.
             The game lasted 00:12:02 (8800 turns).

gruber the Whirler (Halfling Hunter)                Turns: 8800, Time: 00:12:02

Health: 0/60       AC:  8    Str: 16    XL:     10   Next: 95%
Magic:  8/10       EV: 22    Int: 17    God:    Okawaru [**....]
Gold:   427        SH:  0    Dex: 28    Spells: 9/9 levels left

rFire    + . .     SeeInvis .   q - +10 dagger of Burning Responsibility {drain, rF+ Int+8}
rCold    . . .     Gourm    .   (shield restricted)
rNeg     . . .     Faith    .   c - +0 leather armour
rPois    .         Spirit   .   (no helmet)
rElec    .         Reflect  .   r - +0 cloak
rCorr    .         Harm     .   v - +2 pair of gloves
MR       .....                  (no boots)
Stlth    ++++......             (no amulet)
HPRegen  0.20/turn              e - +6 ring of dexterity
MPRegen  0.12/turn              m - +6 ring of dexterity

@: heroism
A: small, mutation resistance 1
a: Heroism, Renounce Religion


You were on level 8 of the Dungeon.
You worshipped Okawaru.
Okawaru was pleased with you.
You were hungry.

You visited 2 branches of the dungeon, and saw 9 of its levels.

You collected 427 gold pieces.

Inventory:

Hand Weapons
 a - the +2 hunting sling "Pausabb" {speed, rElec rPois Int-5}
   (You found it on level 7 of the Dungeon)

   Attacks with this weapon are significantly faster.
   It affects your intelligence (-5).
   It insulates you from electricity.
   It protects you from poison.
 q - the +10 dagger of Burning Responsibility (weapon) {drain, rF+ Int+8}
   (You found it on level 7 of the Dungeon)

   A truly terrible weapon, it drains the life of those it strikes.
   It affects your intelligence (+8).
   It protects you from fire.
Missiles
 d - 30 sling bullets
 h - 135 stones (quivered)
Armour
 c - a +0 leather armour (worn)
 r - a +0 cloak (worn)
 v - a +2 pair of gloves (worn)
Jewellery
 e - a +6 ring of dexterity (left hand)
 m - a +6 ring of dexterity (right hand)
Wands
 B - a wand of enslavement (12)
 E - a wand of polymorph (8)
Scrolls
 g - 3 scrolls of teleportation
 k - 4 scrolls of identify
 p - a scroll of enchant armour {unknown}
 s - a scroll of fog {unknown}
 w - 2 scrolls of immolation {unknown}
 x - a scroll of blinking {unknown}
 y - a scroll of random uselessness {unknown}
 z - a scroll of enchant weapon
Potions
 b - a potion of stabbing {unknown}
 i - 7 potions of lignification
 j - 2 potions of might {unknown}
 l - a potion of cancellation {unknown}
 n - a potion of heal wounds
 t - a potion of mutation {unknown}
 u - 3 potions of flight {unknown}
 A - a potion of ambrosia {unknown}
 D - 2 potions of degeneration {unknown}
Comestibles
 f - 18 rations
 o - 3 chunks of flesh


   Skills:
 - Level 1.7(6.7) Fighting
 * Level 7.0(12.0) Short Blades
 - Level 19.0(24.0) Slings
 - Level 2.1(7.1) Dodging
 - Level 1.1(6.1) Stealth


You had 9 spell levels left.
You didn't know any spells.
Your spell library was empty.

Dungeon Overview and Level Annotations

Branches:
Dungeon (8/15)             Temple (1/1) D:6            Lair (0/6) D:8

Altars:
Ashenzari
Cheibriados
Dithmenos
Elyvilon
Fedhas
Gozag
Hepliaklqana
Kikubaaqudgha
Nemelex Xobeh
Okawaru
Ru
Sif Muna
Trog
Uskayaw
Wu Jian
Yredelemnul
Zin
The Shining One
Lugonu

Shops:
D:7 }


Innate Abilities, Weirdness & Mutations

You are small and have problems with some larger weapons.
You are somewhat resistant to further mutation.


Message History

Unknown command.
Unknown command.
You hit the orc priest.
You kill the orc priest!
Okawaru accepts your kill.
You closely miss something. Something hits you but does no damage.
The orc completely misses you.
You barely miss something. Something hits you but does no damage.
You miss something. The orc hits you with a +0 hand axe.
* * * LOW HITPOINT WARNING * * *
You closely miss something. Something closely misses you.
You hit something. Something hits you.
* * * LOW HITPOINT WARNING * * *
The orc barely misses you.
You closely miss something. Something hits you but does no damage.
You miss something.
You hear some strange, mumbled words.
A puff of frost appears from out of thin air!
The puff of frost hits you.
You die...

########.......
#......#.......
###......#.......
#....(...#.......
.........#....... #.
#.............. #..
#....o{#.......
...###....)@).......
........#.##.......
#. ###......#(#
!...... #.#
##..........# .......
#.#
#...>##.....###......
#.###..# #.......#
#..... ...
...###.......# #####
?.####.#.........#
........o.#.....##


You could see an orc.

Vanquished Creatures
  Pikel (D:4)
  Maggie (D:8)
  Grinder (D:4)
  A hippogriff (D:7)
  Grum (D:8)
  A hungry ghost (D:7)
  Menkaure (D:7)
  2 porcupines (D:8)
  A phantom (D:7)
  3 orc warriors
  2 sky beasts
  An ice beast (D:7)
  4 ogres
  4 wolves (D:8)
  4 slaves
  2 centaurs
  A big kobold (D:8)
  A gnoll sergeant (D:5)
  2 bullfrogs
  4 scorpions
  7 wights
  3 howler monkeys (D:7)
  4 crimson imps
  4 orc priests
  6 hounds
  A centaur skeleton (D:7)
  4 iguanas
  5 orc wizards
  12 worker ants
  7 gnolls
  6 adders
  A shadow imp (D:7)
  An adder zombie (D:8)
  3 worms
  7 leopard geckos
  29 orcs
  3 giant cockroaches
  9 goblins
  6 hobgoblins
  17 jackals
  12 kobolds
  3 quokkas
  2 ball pythons
  7 bats
  6 frilled lizards
  A jackal skeleton (D:4)
  12 rats
216 creatures vanquished.

Vanquished Creatures (others)
  A human (D:6)
1 creature vanquished.

Grand Total: 217 creatures vanquished

Notes
Turn   | Place    | Note
-------+----------+-------------------------------------------
     0 | D:1      | gruber the Halfling Hunter began the quest for the Orb.
     0 | D:1      | Reached XP level 1. HP: 14/14 MP: 1/1
   108 | D:1      | Reached skill level 6 in Slings
   156 | D:1      | Reached XP level 2. HP: 19/19 MP: 2/2
   990 | D:2      | Reached skill level 7 in Slings
   990 | D:2      | Reached XP level 3. HP: 24/24 MP: 3/3
  1541 | D:2      | Reached XP level 4. HP: 29/29 MP: 4/4
  1590 | D:2      | Reached skill level 8 in Slings
  2064 | D:2      | Reached skill level 9 in Slings
  2064 | D:2      | Reached XP level 5. HP: 34/34 MP: 5/5
  2445 | D:3      | Found a faded altar of an unknown god.
  2560 | D:3      | Found a white marble altar of Elyvilon.
  2812 | D:3      | Found a blossoming altar of Fedhas.
  2814 | D:3      | Found an ancient bone altar of Kikubaaqudgha.
  2933 | D:3      | Found a shimmering blue altar of Sif Muna.
  3170 | D:4      | Noticed Pikel
  3170 | D:4      | Noticed a slave
  3170 | D:4      | Noticed a slave
  3170 | D:4      | Noticed a slave
  3198 | D:3      | Killed a slave
  3442 | D:3      | Reached XP level 6. HP: 16/39 MP: 6/6
  3683 | D:4      | Noticed an ogre
  3692 | D:4      | Killed an ogre
  3692 | D:4      | Reached skill level 10 in Slings
  3846 | D:4      | Reached skill level 11 in Slings
  3901 | D:4      | Reached XP level 7. HP: 44/44 MP: 7/7
  4058 | D:4      | Found a hazy altar of Hepliaklqana.
  4063 | D:4      | Found a hide-covered altar of Uskayaw.
  4241 | D:4      | Noticed Grinder
  4248 | D:4      | Killed Grinder
  4248 | D:4      | Reached skill level 12 in Slings
  4248 | D:4      | Reached XP level 8. HP: 48/49 MP: 8/8
  4309 | D:4      | Killed Pikel
  4309 | D:4      | Reached skill level 14 in Slings
  4728 | D:4      | Found a shattered altar of Ashenzari.
  4764 | D:5      | Entered Level 5 of the Dungeon
  4784 | D:5      | Reached XP level 9. HP: 32/54 MP: 9/9
  4912 | D:5      | Reached skill level 15 in Slings
  5392 | D:5      | Found a sparkling altar of Nemelex Xobeh.
  5410 | D:5      | Reached skill level 16 in Slings
  6081 | D:6      | Found a sparkling altar of Nemelex Xobeh.
  6231 | D:6      | Found a snail-covered altar of Cheibriados.
  6260 | D:6      | Reached skill level 17 in Slings
  6558 | D:6      | Found a staircase to the Ecumenical Temple.
  6569 | Temple   | Entered the Ecumenical Temple
  6580 | Temple   | Became a worshipper of Warmaster Okawaru
  6739 | D:6      | Found an ancient bone altar of Kikubaaqudgha.
  6964 | D:7      | Noticed a hippogriff
  6979 | D:7      | Killed a hippogriff
  6979 | D:7      | Reached XP level 10. HP: 53/60 MP: 10/10
  7026 | D:7      | Found a glowing silver altar of Zin.
  7092 | D:7      | Reached skill level 18 in Slings
  7239 | D:7      | Found Xurphyfu's Gadget Emporium.
  7254 | D:7      | Noticed a moth of wrath
  7343 | D:7      | Found a bloodstained altar of Trog.
  7366 | D:7      | Got a translucent hunting sling
  7367 | D:7      | Identified the +2 hunting sling "Pausabb" {speed, rElec
                  | rPois Int-5} (You found it on level 7 of the Dungeon)
  7457 | D:7      | Reached * piety under Okawaru
  7650 | D:7      | Got an ichor-stained dagger
  7651 | D:7      | Identified the +10 dagger of Burning Responsibility {drain,
                  | rF+ Int+8} (You found it on level 7 of the Dungeon)
  7706 | D:7      | Noticed Menkaure
  7714 | D:7      | Killed Menkaure
  7714 | D:7      | Reached skill level 19 in Slings
  8200 | D:8      | Reached skill level 1 in Short Blades
  8303 | D:8      | Reached ** piety under Okawaru
  8350 | D:8      | Noticed Maggie
  8409 | D:8      | Killed Maggie
  8409 | D:8      | Reached skill level 5 in Short Blades
  8574 | D:8      | Found a staircase to the Lair.
  8711 | D:8      | Noticed Grum
  8783 | D:8      | Killed Grum
  8800 | D:8      | Killed from afar by an orc wizard

Illustrated notes

Levels and vault maps discovered:
D:1:      sevenhm_arrival_forest_fort_small_5, layout_basic, serial_rivers,
          chequers_serial_rivers_micro_e, chequers_serial_rivers_small_3,
          chequers_serial_rivers_micro_e, chequers_serial_rivers_marsh,
          chequers_serial_rivers_large_b, chequers_serial_rivers_large_a,
          minmay_misc_feat_nine_boxes, patterned_corridor
D:2:      layout_loops_ring, first_ration
D:3:      layout_loops_ring, grunt_temple_overflow_growth_and_decay,
          lemuel_crystal_altar, elyvilon_altar_5,
          chequers_ecumenical_altar_simple, chequers_garden
D:4:      layout_rooms, gammafunk_temple_overflow_forgotten, uniq_grinder,
          uniq_pikel
D:5:      layout_cave_pools, nemelex_xobeh_ov_fountains_minmay
D:6:      layout_loops_cross, old_standard_altar,
          minmay_temple_entry_glassed_door, basic_altar, tgw_kikubaaqudgha
D:7:      layout_loops_ring, tgw_trog, lemuel_crystal_altar, serial_shops,
          shop_statue, minmay_tree_intersection, minmay_manual_mandibuliform,
          uniq_menkaure
D:8:      layout_rooms, vehumet_statue, grunt_lair_entry_orc_guard_hut,
          uniq_maggie, uniq_grum
Temple:   corrupted_temple

Skill      XL: |  1  2  3  4  5  6  7  8  9 10 |
---------------+-------------------------------+-----
Slings         | 6 7 9 11 12 14 17 19 | 19.0
Short Blades   | 7 |  7.0
Fighting       | |  1.7
Dodging        | |  2.1
Stealth        | |  1.1

Action                   |  1- 3 |  4- 6 |  7- 9 | 10-12 || total
-------------------------+-------+-------+-------+-------++-------
Melee: Dagger            |       |       |       |    55 ||    55
       Punch             |       |       |       |     3 ||     3
 Fire: Hunting sling     |   122 |   223 |   412 |   258 ||  1015
Invok: Heroism           |       |       |       |     3 ||     3
  Use: Scroll            |       |       |     6 |       ||     6
       Potion            |       |       |       |     2 ||     2
  Eat: Chunk             |     2 |     7 |     8 |     5 ||    22
Armor: Leather armour    |    14 |     9 |    15 |    20 ||    58
Dodge: Dodged            |    20 |    52 |    56 |    90 ||   218
